 Dungeon Crawl Stone Soup version 0.31-a0-986-g5e6e4ef867 (webtiles) character file.

Game seed: 15411492469780262125

21 avis the Changeling (level 2, 13/13 HPs)
             Began as a Felid Shapeshifter on Nov 21, 2023.
             Got out of the dungeon alive.
             The game lasted 00:03:46 (1148 turns).

avis the Changeling (Felid Shapeshifter)            Turns: 1148, Time: 00:03:46

Health: 13/13      AC:  1    Str: 10    XL:     2   Next: 62%
Magic:  3/3        EV: 17    Int: 11    God:
Gold:   59         SH:  0    Dex: 15    Spells: 1/1 levels left
                                        Lives:  0   Deaths: 1

rFire   . .          .
                       - Unarmed
rCold   . . .        (shield unavailable)
rNeg    . . .        (body armour unavailable)
rPois   .            (helmet unavailable)
rElec   .            (cloak unavailable)
rCorr   .            (gloves unavailable)
SInv    +            (boots unavailable)
Will    .....        (no amulet)
Stlth   +            (no ring)
HPRegen 0.22/turn    (no ring)
MPRegen 0.08/turn

%: no passive effects
@: beast-form, quick
A: beast (slay +2), very small, claws 1, fangs 3, see invisible, speed 1, shaggy
fur 1, stealthy paws, no weapons or thrown items, no armour, multi-lived
a: Begin Untransformation


You escaped.
You were a hulking beast.
You visited 1 branch of the dungeon, and saw 2 of its levels.

You collected 59 gold pieces.

Inventory:

Jewellery
 e - an amulet of faith
Talismans
 b - a beast talisman
 c - a flux talisman
Scrolls
 d - a scroll of butterflies {unknown}
 g - a scroll of noise {unknown}
 i - a scroll of identify {unknown}
Potions
 a - a potion of lignification
 f - 2 potions of magic {unknown}
 h - a potion of ambrosia {unknown}


   Skills:
 - Level 2.0 Fighting
 * Level 3.3 Dodging
 - Level 3.0 Unarmed Combat
 - Level 3.5 Shapeshifting


You had one spell level left.
You didn't know any spells.
Your spell library contained the following spells:

 Spells                   Type           Power      Damage    Failure   Level
 Summon Small Mammal      Summ           0%         N/A       34%         1
 Call Canine Familiar     Summ           0%         N/A       71%         3
 Summon Guardian Golem    Hex/Summ       0%         N/A       71%         3


Dungeon Overview and Level Annotations

Branches:
Dungeon (2/15)

Altars:


Innate Abilities, Weirdness & Mutations

You are a hulking beast.
Your limbs bulge with bestial killing power. (Slay +2)
You have sharp claws.
You have razor-sharp teeth.
You have supernaturally acute eyesight. (SInv)
You cover ground quickly. (Speed+)
You are covered in fur. (AC +1)
Your paws help you pounce on unaware monsters.
You are incapable of wielding weapons or throwing items.
You cannot wear armour.
You gain extra lives every three experience levels.


Message History

The orc priest mumbles some strange prayers to Beogh against you.
Pain shoots through your body!
There is a stone staircase leading up here.
The orc priest completely misses you.
You climb upwards.
There is a stone staircase leading down here.
You closely miss the orc priest. The orc priest closely misses you.
You closely miss the orc priest. You bite the orc priest.
The orc priest is moderately wounded.
The orc priest begins to cast a cantrip, but forgets the words!
You closely miss the orc priest.
The orc priest is moderately wounded.
The orc priest miscasts a cantrip.
You scratch the orc priest.
The orc priest is moderately wounded.
The orc priest hits you with a +0 hand axe.
You barely miss the orc priest.
The orc priest is moderately wounded.
The orc priest mumbles some strange prayers to Beogh against you.
Beogh smites you!
Ouch! That really hurt!
You die...
Your shape twists and changes as you die.
You rejoin the land of the living...
The troll shouts!
There is an open door here.
The orc shouts!
The minotaur bellows!
The spriggan shouts!
The demigod shouts!
The elf shouts!
The human shouts!
The felid hisses angrily.
The demonspawn shouts!
The octopode shouts!
The vine stalker shouts!
The meteoran shouts!
The orc shouts!
The armataur shouts!
The merfolk shouts!
The minotaur bellows!
The draconian roars!
There is an open door here.
There is a staircase leading out of the dungeon here.
You have escaped!

#####
#.h.#
#...#
###'###
#O#.#T#
###.###
###### ###
#V#.#H#
.....# #.#
###.###
####.###(#
#m#.#d#
.........#
###.###


There were no monsters in sight!

Vanquished Creatures
  2 orcs (D:1)
  3 endoplasms
  A giant cockroach (D:1)
  3 jackals (D:1)
  2 ball pythons (D:1)
  A bat (D:2)
  A frilled lizard (D:1)
  3 kobolds (D:1)
  2 rats (D:1)
18 creatures vanquished.

Notes
Turn   | Place    | Note
-------+----------+-------------------------------------------
     0 | D:1      | avis the Felid Shapeshifter began the quest for the Orb.
     0 | D:1      | Reached XP level 1. HP: 9/9 MP: 2/2
     2 | D:1      | Noticed an ogre
     2 | D:1      | Noticed a troll
     4 | D:1      | Noticed a vampire
     4 | D:1      | Noticed a minotaur
     6 | D:1      | Noticed a merfolk
     6 | D:1      | Noticed a draconian
    10 | D:1      | Noticed an armataur
    10 | D:1      | Noticed a meteoran
    12 | D:1      | Noticed an octopode
    12 | D:1      | Noticed a vine stalker
    14 | D:1      | Noticed a felid
    14 | D:1      | Noticed a demonspawn
    16 | D:1      | Noticed a human
    16 | D:1      | Noticed a formicid
    18 | D:1      | Noticed an elf
    18 | D:1      | Noticed a gargoyle
    20 | D:1      | Noticed a spriggan
    20 | D:1      | Noticed a demigod
    22 | D:1      | Noticed a tengu
    22 | D:1      | Noticed a naga
    24 | D:1      | Noticed a minotaur
    26 | D:1      | Noticed a troll
   426 | D:1      | Reached XP level 2. HP: 13/13 MP: 3/3
  1098 | D:1      | Killed from afar by an orc priest
  1148 | D:$      | Got out of the dungeon alive.

Illustrated notes

Levels and vault maps discovered:
D:1:      kb_arrival_jail, layout_basic
D:2:      layout_basic, basic_altar, uniq_robin, uniq_terence

Skill      XL: |  1  2 |
---------------+-------+-----
Fighting       | 2 |  2.0
Dodging        | 3 |  3.3
Unarmed Combat | |  3.0
Shapeshifting  | |  3.5

Action                     || total
---------------------------++-------
  Melee: Unarmed           ||    42
         Bite              ||     3
   Stab: Sleeping          ||     1
 Armour: Skin              ||    10
  Dodge: Dodged            ||    22

Table legend: (Time is in decaauts)
 A = Elapsed time spent in this place.
 B = Non-inter-level travel time spent in this place.
 C = Inter-level travel time spent in this place.
 D = Time resting spent in this place.
 E = Time spent auto-exploring this place.
 F = Levels seen in this place.
 G = Mean time per level.
                   A        B        C        D        E       F      G
               +--------+--------+--------+--------+--------+-----+--------+
         Total |    963 |    915 |     48 |    126 |    605 |   2 |  481.5 |
       Dungeon |    963 |    915 |     48 |    126 |    605 |   2 |  481.5 |
               +--------+--------+--------+--------+--------+-----+--------+

Top non-repeatable levels by time:
     D:1: 894 daAuts
     D:2: 69 daAuts
